 Dungeon Crawl Stone Soup version 0.30-a0-1075-gcd70e7a56d (webtiles) character file.

Game seed: 3292267496321426432

68 BubbleThief the Trooper (level 4, -1/63 HPs)
             Began as a Naga Cinder Acolyte on Apr 14, 2023.
             Was a High Priest of Ignis.
             Slain by an orc wizard
             ... wielding a +0 dagger
              (2 damage)
             ... on level 3 of the Dungeon.
             The game lasted 00:03:04 (1618 turns).

BubbleThief the Trooper (Naga Cinder Acolyte)       Turns: 1618, Time: 00:03:05

Health: -1/63      AC:  2    Str: 16    XL:     4   Next: 19%
Magic:  6/6        EV:  9    Int: 16    God:    Ignis [*****.]
Gold:   93         SH:  0    Dex:  7    Spells: 1/6 levels left

rFire   + . .      SeeInvis +    a - -1 mace (flame)
rCold   . . .      Faith    .    (no shield)
rNeg    . . .      Spirit   .    b - +0 robe
rPois   +          Reflect  .    (no helmet)
rElec   .          Rampage  .    (no cloak)
rCorr   .                        (no gloves)
Will    .....                    (no barding) Stlth
                                 i - amulet of magic regeneration
HPRegen 0.30/turn                (no ring)
MPRegen 0.50/turn                (no ring)

@: berserking, quick
A: AC +1, large, see invisible, deformed body, poison resistance, slowness 2,
spit poison 1, naga tail 1
a: Spit Poison, Renounce Religion, Fiery Armour, Foxfire Swarm, Rising Flame


You were on level 3 of the Dungeon.
You worshipped Ignis.
Ignis was extremely pleased with you.
You visited 1 branch of the dungeon, and saw 3 of its levels.

You collected 93 gold pieces.

Inventory:

Hand Weapons
 a - a -1 mace of flaming (weapon)
Armour
 b - a +0 robe (worn)
Jewellery
 i - an amulet of magic regeneration (around neck)
Scrolls
 c - a scroll of butterflies {unknown}
 d - 5 scrolls of identify {unknown}
 f - a scroll of brand weapon {unknown}
 g - a scroll of poison {unknown}
 h - a scroll of silence {unknown}
 k - 2 scrolls of teleportation {unknown}
Potions
 j - a potion of cancellation {unknown}
 l - a potion of brilliance {unknown}
 m - a potion of lignification {unknown}


   Skills:
 + Level 3.5 Fighting
 + Level 3.5 Maces & Flails
 + Level 1.9 Spellcasting
 + Level 3.5 Fire Magic


You had one spell level left.
You knew the following spells:

 Your Spells              Type           Power      Damage    Failure   Level
a - Scorch                Fire           24%        2d6       8%          2
b - Ignite Poison         Fire/Tmut/Pois 5%         N/A       36%         3

Your spell library contained the following spells:

 Spells                   Type           Power      Damage    Failure   Level
 Kiss of Death            Conj/Necr      4%         2d5       22%         1
 Cigotuvi's Dreadful Rot  Necr/Pois/Air  2%         N/A       32%         2
 Lesser Beckoning         Tloc           2%         N/A       32%         2
 Confusing Touch          Hex            1%         N/A       54%         3
 Gell's Gravitas          Tloc           1%         N/A       54%         3
 Teleport Other           Tloc           1%         N/A       54%         3
 Dispel Undead            Necr           1%         3d6       91%         4
 Freezing Cloud           Conj/Ice/Air   0%         6-21      99%         5


Dungeon Overview and Level Annotations

Branches:
Dungeon (3/15)

Altars:

Shops:
D:1 !


Innate Abilities, Weirdness & Mutations

Your serpentine skin is tough. (AC +1)
You have supernaturally acute eyesight. (SInv)
Armour fits poorly on your strangely shaped body.
Your system is resistant to poisons. (rPois)
You cover ground very slowly.
You can spit poison.
You have a snake-like lower body.


Message History

The scorpion closely misses you. The scorpion stings you.
The orc wizard points at you and mumbles some strange words.
You are confused.
Unknown command.
You bump into the rock wall.
The scorpion stings you.
You bump into the rock wall.
The scorpion barely misses you.
The orc wizard hits you with a +0 dagger.
You have got your breath back.
The orc wizard hits you with a +0 dagger.
The scorpion stings you.
You completely miss the orc wizard. The scorpion stings you.
You are poisoned.
The scorpion poisons you! The orc wizard closely misses you.
You bump into the rock wall.
You feel sick. The scorpion stings you!
The orc wizard hits you but does no damage.
The scorpion misses you.
You hit the orc wizard but do no damage.
You feel sick.
The orc wizard gestures at you while chanting.
You resist with some effort. The scorpion stings you!
* * * LOW HITPOINT WARNING * * *
You feel less confused.
You feel sick. The scorpion barely misses you.
The orc wizard hits you with a +0 dagger.
* * * LOW HITPOINT WARNING * * *
The scorpion barely misses you.
* * * LOW HITPOINT WARNING * * *
You feel sick.
It was a potion of berserk rage.
A red film seems to cover your vision as you go berserk!
You feel yourself moving faster!
You feel mighty!
* * * LOW HITPOINT WARNING * * *
You feel sick. The orc wizard barely misses you.
You hit the orc wizard. You burn the orc wizard.
The orc wizard is moderately wounded.
* * * LOW HITPOINT WARNING * * *
You feel sick.
You are no longer poisoned.
The orc wizard hits you with a +0 dagger.
You die...

.......#.# #.#
#####....# #.#
....)#...## #.#
..##.#.#..######
#.#
#<.#.#.......###.#
#..#.###......##.#
#..#.# #####...#.#
#..#.# #.#.#.###.#
#..#.# #..@os)...#
#..#.# ######.#.##
#..#.# .....
#..#.# ..#### #..#
... .>.. .....
#####.


You could see a scorpion and an orc wizard.

Vanquished Creatures
  2 adders
  A dart slug (D:1)
  2 orcs (D:3)
  4 ball pythons
  5 endoplasms
  4 giant cockroaches
  5 goblins
  6 hobgoblins
  4 jackals (D:2)
  A kobold (D:2)
  3 bats
  4 frilled lizards
41 creatures vanquished.

Notes
Turn   | Place    | Note
-------+----------+-------------------------------------------
     0 | D:1      | BubbleThief the Naga Cinder Acolyte began the quest for the
                  | Orb.
     0 | D:1      | Reached XP level 1. HP: 21/21 MP: 2/2
   319 | D:1      | Reached XP level 2. HP: 28/28 MP: 3/3
   476 | D:1      | Found Gakhlixzu's Distillery.
   755 | D:2      | Reached XP level 3. HP: 27/34 MP: 5/5
   758 | D:2      | Learned a level 2 spell: Scorch
  1003 | D:2      | Learned a level 3 spell: Ignite Poison
  1528 | D:3      | Reached XP level 4. HP: 28/42 MP: 6/6
  1607 | D:3      | Noticed a scorpion
  1615 | D:3      | HP: 2/42 [orc wizard/+0 dagger (2)]
  1618 | D:3      | Slain by an orc wizard

Illustrated notes

Levels and vault maps discovered:
D:1:      sevenhm_arrival_forest_fort_small_3, layout_loops_ring, serial_shops,
          nicolae_diamond_shop
D:2:      layout_loops_cross, minmay_crystal_water, minmay_pentomino_w2
D:3:      layout_basic, gammafunk_temple_overflow_statue, uniq_natasha,
          uniq_crazy_yiuf_cottage

Action                     |  1- 3 |  4- 6 || total
---------------------------+-------+-------++-------
  Melee: Mace              |    45 |     5 ||    50
         Punch             |     1 |       ||     1
   Cast: Scorch            |    11 |     1 ||    12
Ability: Spit Poison       |    30 |     2 ||    32
    Use: Potion            |       |     1 ||     1
 Armour: Robe              |     8 |     1 ||     9
  Dodge: Dodged            |    23 |     7 ||    30

Table legend: (Time is in decaauts)
 A = Elapsed time spent in this place.
 B = Non-inter-level travel time spent in this place.
 C = Inter-level travel time spent in this place.
 D = Time resting spent in this place.
 E = Time spent auto-exploring this place.
 F = Levels seen in this place.
 G = Mean time per level.
                   A        B        C        D        E       F      G
               +--------+--------+--------+--------+--------+-----+--------+
         Total |   2111 |   2088 |     23 |      0 |   1828 |   3 |  703.7 |
       Dungeon |   2111 |   2088 |     23 |      0 |   1828 |   3 |  703.7 |
               +--------+--------+--------+--------+--------+-----+--------+

Top non-repeatable levels by time:
     D:2: 1013 daAuts
     D:1: 981 daAuts
     D:3: 116 daAuts
